 Dungeon Crawl Stone Soup version 0.19.5 (webtiles) character file.

203 JeffiDaFish the Shield-Bearer (level 5, -1/33 HPs)
             Began as a Gargoyle Fighter on Mar 11, 2017.
             Slain by a hobgoblin
             ... wielding a +0 club
              (3 damage)
             ... on level 3 of the Dungeon.
             The game lasted 00:08:16 (2547 turns).

JeffiDaFish the Shield-Bearer (Gargoyle Fighter)    Turns: 2547, Time: 00:08:16

Health: -1/33      AC: 11    Str: 20    XL:     5   Next: 81%
Magic:  0/5        EV:  8    Int:  8    God:
Gold:   152        SH:  9    Dex: 10    Spells: 0 memorised, 4 levels left

rFire  . . .     SeeInvis +     a - +2 flail
rCold  . . .     Gourm    .     b - +0 scale mail
rNeg   + . .     Faith    .     c - +0 shield
rPois  ∞         Spirit   +     (no helmet)
rElec  +         Reflect  .     (no cloak)
rCorr  +         Harm     .     (no gloves)
MR     .....                    (no boots)
Stlth  ..........               l - amulet of guardian spirit
                                k - ring of see invisible
                                e - ring of resist corrosion

@: no status effects
A: negative energy resistance 1, electricity resistance, unbreathing,
petrification resistance, rot immunity, AC +4
a: no special abilities


You were on level 3 of the Dungeon.
You were not hungry.

You visited 1 branch of the dungeon, and saw 3 of its levels.

You collected 152 gold pieces.

Inventory:

Hand Weapons
 a - a +2 flail (weapon)
Armour
 b - a +0 scale mail (worn)
 c - a +0 shield (worn)
Jewellery
 e - a ring of resist corrosion (left hand)
 k - a ring of see invisible (right hand)
 l - an amulet of guardian spirit (around neck)
Scrolls
 h - 3 scrolls of identify
Potions
 d - a potion of might
Comestibles
 f - 2 bread rations
 i - 7 chunks of flesh
 j - a meat ration


   Skills:
 + Level 4.1 Fighting
 + Level 4.0 Maces & Flails
 + Level 3.9 Armour
 + Level 1.0 Dodging
 + Level 0.2 Stealth
 + Level 4.2 Shields


You had 4 spell levels left.
You didn't know any spells.

Dungeon Overview and Level Annotations

Branches:
Dungeon (3/15)

Altars:
Cheibriados
Fedhas
Nemelex Xobeh
Qazlal


Innate Abilities, Weirdness & Mutations

You are resistant to torment.
Your stone body is resilient. (AC +4)
You are immune to poison.
You resist negative energy. (rN+)
You are resistant to electric shocks. (rElec)
You can survive without breathing.
You are immune to petrification.
You are immune to rotting.


Message History

* * * LOW HITPOINT WARNING * * *
You hit the centaur.
You kill the centaur!
Your Fighting skill increases to level 4!
Your Maces & Flails skill increases to level 4!
Your Dodging skill increases to level 1!
You block the hobgoblin's attack.
You closely miss the hobgoblin. The hobgoblin hits you with a club.
* * * LOW HITPOINT WARNING * * *
You hit the hobgoblin.
The hobgoblin is heavily wounded.
The hobgoblin hits you but does no damage.
You block the hobgoblin's attack.
You barely miss the hobgoblin.
The hobgoblin is heavily wounded.
The hobgoblin hits you but does no damage.
Your scale mail prevents you from hitting the hobgoblin.
The hobgoblin is heavily wounded.
The hobgoblin hits you with a club.
You die...

...##...# .........
......... #######
..>...... .......
......... ....... ####
......... .......#..?
......... ......)..#
.#.#####.
......g@#######.#.#.....
........(...............
........†((...........<.
.......#####..#....#####
....... #.#..##.# #
......> #...###.# #
####### #..###..# #
#.[....# #### ######
#......###...


You could see a hobgoblin.

Vanquished Creatures
  A centaur (D:3)
  6 adders
  An ooze (D:1)
  A worm (D:2)
  3 dart slugs
  2 leopard geckos (D:1)
  2 orcs (D:3)
  3 giant cockroaches
  3 goblins
  7 hobgoblins
  6 kobolds
  2 quokkas (D:2)
  A ball python (D:1)
  9 bats
  2 frilled lizards (D:1)
  7 rats
56 creatures vanquished.

Notes
Turn   | Place    | Note
-------+----------+-------------------------------------------
     0 | D:1      | JeffiDaFish the Gargoyle Fighter began the quest for the Orb.
     0 | D:1      | Reached XP level 1. HP: 14/14 MP: 1/1
   307 | D:1      | Reached XP level 2. HP: 19/19 MP: 2/2
  1048 | D:1      | Reached XP level 3. HP: 21/23 MP: 3/3
  1391 | D:2      | Found a stormy altar of Qazlal.
  1391 | D:2      | Found a blossoming altar of Fedhas.
  1391 | D:2      | Found a snail-covered altar of Cheibriados.
  1391 | D:2      | Found a snail-covered altar of Cheibriados.
  1394 | D:2      | Found a sparkling altar of Nemelex Xobeh.
  1647 | D:2      | Reached XP level 4. HP: 28/29 MP: 4/4
  2478 | D:3      | Reached XP level 5. HP: 33/33 MP: 5/5
  2519 | D:3      | Noticed a centaur
  2543 | D:3      | Killed a centaur
  2543 | D:3      | Reached skill level 1 in Dodging
  2547 | D:3      | Slain by a hobgoblin

Skill      XL: |  1  2  3  4  5 |
---------------+----------------+-----
Maces & Flails | 3 4 |  4.0
Shields        | 4 |  4.2
Fighting       | 4 |  4.1
Dodging        | 1 |  1.0
Armour         | |  3.9
Stealth        | |  0.2

Action                   |  1- 3 |  4- 6 || total
-------------------------+-------+-------++-------
Melee: Flail             |   183 |    86 ||   269
  Use: Scroll            |     7 |     6 ||    13
       Potion            |     3 |     1 ||     4
  Eat: Chunk             |     3 |     3 ||     6
Armor: Scale mail        |   107 |    51 ||   158
Dodge: Dodged            |    64 |    29 ||    93
Block: Shield            |   115 |    50 ||   165
